 Dungeon Crawl Stone Soup version 0.17-a0-776-gd86b262 (webtiles) character file.

19688 nubinia the Thaumaturge (level 12, 56/56 HPs)
             Began as a Spriggan Venom Mage on Apr 24, 2015.
             Was a High Priest of Ashenzari.
             Quit the game on level 3 of the Lair of Beasts.
             The game lasted 01:48:48 (16170 turns).

nubinia the Thaumaturge (Spriggan Venom Mage)      Turns: 16170, Time: 01:48:48

Health: 56/56      AC: 11    Str:  4    XL:     12   Next: 38%
Magic:  28/28      EV:  3    Int: 21    God:    Ashenzari [*****.]
Gold:   795        SH:  8    Dex: 17    Spells: 6 memorised, 16 levels left

rFire  . . .     SeeInvis +     H - +9 dagger (venom) (curse)
rCold  . . .     Clarity  +     Y - +0 storm dragon armour of the Illusory Beggars {rElec MR- Slay+3 Stlth+} (curse)
rNeg   . . .     SustAb   .     m - +1 buckler (curse)
rPois  .         Gourm    .     (helmet restricted)
rElec  +         Spirit   .     P - +0 cloak (curse)
rCorr  .         Warding  .     (gloves unavailable)
rMut   .         Stasis   .     (boots unavailable)
MR     ++...                    j - amulet of clarity (curse)
Stlth  +++++.....               z - ring of protection from magic (curse)
                                p - ring of stealth (curse)

@: very quick, very resistant to hostile enchantments, quite stealthy
A: unfitting armour, see invisible, herbivore 3, speed 3, slow metabolism 2
a: Scrying, Transfer Knowledge, Renounce Religion


You were on level 3 of the Lair of Beasts.
You worshipped Ashenzari.
Ashenzari was extremely pleased with you.
You were not hungry.

You visited 3 branches of the dungeon, and saw 14 of its levels.
You also visited: Ossuary.

You collected 876 gold pieces.
You spent 81 gold pieces at shops.

Inventory:

Hand weapons
 i - a +1 dagger
 H - a cursed +9 dagger of venom (weapon)
Armour
 a - a +0 robe
 l - a +2 robe of positive energy
 m - a cursed +1 buckler (worn)
 C - a +1 robe of magic resistance
 P - a cursed +0 cloak (worn)
 Y - the cursed +0 storm dragon armour of the Illusory Beggars (worn) {rElec MR- Slay+3 Stlth+}
   (You acquired it on level 3 of the Lair of Beasts)

   It affects your accuracy and damage with ranged weapons and melee attacks
   (+3).
   It insulates you from electricity.
   It affects your resistance to hostile enchantments.
   It makes you more stealthy.
   It has a curse placed upon it.
Jewellery
 f - an uncursed ring of flight
 j - a cursed amulet of clarity (around neck)
 p - a cursed ring of stealth (left hand)
 s - an uncursed ring of fire
 y - an uncursed ring of teleportation
 z - a cursed ring of protection from magic (right hand)
Magical devices
 u - a wand of paralysis (21)
 F - a wand of random effects (11)
 O - a wand of digging (12)
 Q - a wand of frost (26)
 X - a wand of lightning (6)
Scrolls
 o - 4 scrolls of teleportation
 q - 3 scrolls of amnesia
 t - a scroll of enchant armour
 w - 3 scrolls of fear
 x - 5 scrolls of magic mapping
 B - 2 scrolls of curse armour
 D - a scroll of curse jewellery
 G - 4 scrolls of identify
 K - 4 scrolls of remove curse
 N - 2 scrolls of enchant weapon
 V - 2 scrolls of recharging
 W - a scroll of silence
Potions
 d - 3 potions of haste
 e - 6 potions of curing
 g - 3 potions of resistance
 h - 5 potions of heal wounds
 k - 3 potions of magic
 r - 2 potions of ambrosia
 A - 5 potions of restore abilities
 E - 5 potions of might
 I - a potion of berserk rage
 J - a potion of flight
 L - a potion of invisibility
 M - 2 potions of poison
 T - 2 potions of brilliance
 U - a potion of agility
Books
 b - a Young Poisoner's Handbook

   Spells                             Type                      Level
   a - Sting                          Conjuration/Poison           1
   b - Cure Poison                    Poison                       2
   c - Mephitic Cloud                 Conjuration/Poison/Air       3
   d - Olgreb's Toxic Radiance        Poison                       4
   e - Venom Bolt                     Conjuration/Poison           5
 n - a book of Annihilations {highlevel, unknown}

   This book is beyond your current level of understanding.

   Spells                             Type                      Level
   a - Poison Arrow                   Conjuration/Poison           6
   b - Chain Lightning                Conjuration/Air              8
   c - Lehudib's Crystal Spear        Conjuration/Earth            8
   d - Glaciate                       Conjuration/Ice              9
   e - Fire Storm                     Conjuration/Fire             9
 v - a book of Dreams

   Spells                             Type                      Level
   a - Ensorcelled Hibernation        Hexes/Ice                    2
   b - Flight                         Charms/Air                   3
   c - Phase Shift                    Translocation                5
   d - Shadow Creatures               Summoning                    5
   e - Mass Confusion                 Hexes                        6
   f - Darkness                       Hexes                        7
Comestibles
 c - 3 bread rations
 R - 10 royal jellies
 S - 7 fruits


   Skills:
 + Level 2.8 Fighting
 + Level 4.7(8.6) Short Blades
 + Level 9.7 Dodging
 + Level 11.0 Stealth
 + Level 2.8(5.0) Shields
 + Level 11.1 Spellcasting
 + Level 5.0(9.0) Conjurations
 + Level 6.6(10.7) Hexes
 * Level 7.9(11.9) Translocations
 + Level 3.2(6.7) Ice Magic
 + Level 3.1(6.5) Air Magic
 - Level 7.4(11.4) Poison Magic
 + Level 7.1(11.1) Evocations


You had 16 spell levels left.
You knew the following spells:

 Your Spells              Type           Power        Failure   Level  Hunger
a - Sting                 Conj/Pois      ####         100%        1    None
b - Cure Poison           Pois           ######....   100%        2    None
c - Mephitic Cloud        Conj/Pois/Air  #####...     100%        3    None
d - Ensorcelled Hibernat  Hex/Ice        #####.       100%        2    None
e - Phase Shift           Tloc           ######....   100%        5    ####...
f - Olgreb's Toxic Radia  Pois           ######..     100%        4    #......


Dungeon Overview and Level Annotations

Branches:
Dungeon (9/15)             Temple (1/1) D:4            Lair (4/8) D:8
 Spider (0/5) Lair:4          Orc (0/4) D:9
  Swamp: Lair:3-6    Shoals: Lair:3-6

Altars:
Ashenzari
Cheibriados
Dithmenos
Elyvilon
Fedhas
Gozag
Kikubaaqudgha
Makhleb
Nemelex Xobeh
Okawaru
Qazlal
Ru
Sif Muna
Trog
Vehumet
Xom
Yredelemnul
Zin
The Shining One

Shops:
D:6 }(**   D:9 [

Annotations:
D:1 exclusion: door
D:4 exclusion: player ghost, panicbit's ghost, average DrCj
D:5 panicbit's ghost, average OpAs
D:8 Gastronok; angelmind's ghost, experienced DrCj
Lair:1 exclusion: oklob plant
Lair:2 exclusion: door
Lair:3 Rupert; oplop's ghost, powerful TeWn
Lair:4 Josephine


Innate Abilities, Weirdness & Mutations

You are tiny and cannot use many weapons and most armour.
You have supernaturally acute eyesight.
You are a herbivore.
You cover ground extremely quickly.
You need consume almost no food.


Message History

Okay, then.
You are not bound in armour.
You are seriously bound.
Wear which item? (? for menu, Esc to quit)
Really wear
Y - the cursed +0 storm dragon armour of the Illusory Beggars {rElec MR- Slay+3 Stlth+}?
You start removing your armour.
You continue taking off your +2 robe of positive energy. x4
You finish taking off your +2 robe of positive energy.
You feel less protected from negative energy.
You start putting on your armour.
You continue putting on the cursed +0 storm dragon armour of the Illusory Beggars {rElec MR- Slay+3 Stlth+}. x5
You finish putting on the cursed +0 storm dragon armour of the Illusory Beggars {rElec MR- Slay+3 Stlth+}.
Oops, that feels deathly cold.
You are partially bound in armour.
You are fully bound.
A polar bear comes into view.
Saving game... please wait.
Level annotation: Rupert; oplop's ghost, powerful TeWn Welcome back, nubinia the Spriggan Venom Mage.
Ashenzari says: Partake of my vision.
Partake of my curse.
Press ? for a list of commands and other information.
Are you sure you want to abandon this character and quit the game? (Confirm with "yes".)

.............................##..
#.....P......##P####..#....###...
.....###.########....##P...#..#..
......####{∆∆∆##......##.........
...P.##, { ##...###..#.........
.....# ≈ ≈≈#.........#.........
#....##* .h≈##........##.†.....##
......##≈≈@.........###..†....###
#.....P##...#.##@##...##......##
#......P### ####..#####P.......#
#.........###.P.........†......#
.............P.....P.......<..###
#..............................†.
#..........†.....................
#................................
#.......................###......
.PP....................## ####PP.


You could see Rupert (wandering) and a polar bear (wandering).

Vanquished Creatures
  Erica (Lair:2)
  Pikel (D:5)
  A queen ant (Lair:4)
  2 black mambas
  6 spiny frogs
  4 fire drakes
  3 komodo dragons (Lair:1)
  2 polar bears (Lair:3)
  15 blink frogs
  Sigmund (D:5)
  18 yaks
  8 hippogriffs
  A basilisk (Lair:2)
  14 soldier ants
  9 porcupines
  6 wolves (Lair:3)
  Duvessa (D:7)
  3 water moccasins
  2 phantoms
  2 slaves (D:5)
  An orc warrior (D:9)
  2 sky beasts
  4 black bears (Lair:3)
  A spider (D:8)
  2 necrophages
  A boring beetle (Lair:4)
  2 ogres
  3 crocodiles
  A big kobold (D:8)
  A centaur (D:9)
  3 giant frogs
  Dowan (D:7)
  2 water moccasin skeletons (D:9)
  5 scorpions
  A jelly (D:8)
  A crimson imp (D:8)
  A gnoll shaman (D:6)
  An orc priest (D:4)
  3 orc wizards
  7 iguanas
  32 worker ants
  9 sheep
  3 hounds
  A killer bee zombie (D:6)
  3 mummies (Ossuary)
  11 adders
  8 gnolls
  30 river rats
  A shadow imp (D:9)
  2 oozes
  2 adder zombies (Ossuary)
  A worm zombie (D:8)
  2 worms
  8 giant geckos
  25 orcs
  2 ball pythons
  13 bats
  10 goblins
  25 hobgoblins
  9 jackals
  6 quokkas
  3 giant cockroaches
  A giant gecko zombie (D:8)
  6 giant newts
  2 giant spores
  4 goblin zombies (Ossuary)
  6 hobgoblin zombies (Ossuary)
  A jackal zombie (D:8)
  17 kobolds
  2 kobold zombies (Ossuary)
  A quokka zombie (Ossuary)
  10 rats
  3 rat zombies (Ossuary)
  7 ballistomycetes
409 creatures vanquished.

Vanquished Creatures (collateral kills)
  A soldier ant (Lair:4)
  A spider (D:8)
  3 worker ants (Lair:4)
5 creatures vanquished.

Vanquished Creatures (others)
  A wizard (D:3)
  2 slaves (D:5)
  A boring beetle (Lair:4)
  2 worker ants (Lair:4)
  An orc (D:9)
  A goblin (D:5)
  3 jackals (D:5)
  A quokka (D:9)
  2 plants (Lair:3)
14 creatures vanquished.

Grand Total: 428 creatures vanquished

Notes
Turn   | Place    | Note
--------------------------------------------------------------
     0 | D:1      | nubinia, the Spriggan Venom Mage, began the quest for the Orb.
     0 | D:1      | Reached XP level 1. HP: 9/9 MP: 5/5
   379 | D:1      | Reached XP level 2. HP: 13/13 MP: 5/7
   617 | D:1      | Learned a level 2 spell: Cure Poison
  1420 | D:1      | Reached XP level 3. HP: 16/16 MP: 6/8
  1425 | D:1      | Learned a level 3 spell: Mephitic Cloud
  2675 | D:3      | Reached skill level 1 in Air Magic
  2675 | D:3      | Reached XP level 4. HP: 21/21 MP: 7/11
  2851 | D:3      | Reached skill level 1 in Conjurations
  3171 | D:3      | Learned a level 2 spell: Ensorcelled Hibernation
  3290 | D:3      | Found a bloodstained altar of Trog.
  3293 | D:3      | Noticed a wizard
  3300 | D:3      | Killed a wizard
  3493 | D:3      | Reached XP level 5. HP: 18/24 MP: 3/12
  3776 | D:4      | Reached skill level 1 in Hexes
  3915 | D:4      | Noticed panicbit's ghost (average DrCj)
  3927 | D:5      | Entered Level 5 of the Dungeon
  3927 | D:5      | Noticed a slave
  3954 | D:5      | Noticed a phantom
  3957 | D:5      | Noticed an ogre
  3960 | D:5      | HP: 1/24 [phantom (6)]
  3972 | D:5      | Noticed Sigmund
  4277 | D:4      | Noticed an ogre
  4310 | D:4      | Killed an ogre
  4310 | D:4      | Reached skill level 5 in Spellcasting
  4310 | D:4      | Reached XP level 6. HP: 28/28 MP: 11/14
  4905 | D:4      | Reached skill level 5 in Poison Magic
  4905 | D:4      | Reached skill level 1 in Evocations
  5084 | D:4      | Found a staircase to the Ecumenical Temple.
  5109 | Temple   | Entered the Ecumenical Temple
  5114 | Temple   | Became a worshipper of Ashenzari the Shackled
  5276 | D:5      | Noticed a slave
  5278 | D:5      | Noticed a slave
  5519 | D:5      | Reached XP level 7. HP: 30/32 MP: 6/16
  5753 | D:5      | Killed a slave
  5762 | D:5      | Killed a slave
  5781 | D:5      | Noticed panicbit's ghost (average OpAs)
  5798 | D:5      | Noticed Pikel
  5801 | D:5      | Noticed a slave
  5988 | D:5      | Killed Pikel
  5988 | D:5      | Reached skill level 1 in Short Blades
  5988 | D:5      | Reached skill level 6 in Spellcasting
  6050 | D:5      | Reached XP level 8. HP: 15/37 MP: 9/19
  6273 | D:5      | Noticed a phantom
  6368 | D:5      | Killed a freed slave
  6978 | D:5      | Killed Sigmund
  6978 | D:5      | Reached skill level 5 in Dodging
  6978 | D:5      | Reached skill level 7 in Spellcasting
  7005 | D:5      | Killed a freed slave
  7108 | D:6      | Found Ciorehoe's General Store.
  7127 | D:6      | Found Ninipeiff's Assorted Antiques.
  7130 | D:6      | Bought a glowing robe for 14 gold pieces
  7376 | D:6      | Found Xamaupacs's Weapon Emporium.
  7418 | D:6      | Found a basalt altar of Yredelemnul.
  7418 | D:6      | Found Bixinack's Gadget Shoppe.
  7951 | D:7      | Noticed Dowan
  7961 | D:7      | Noticed Duvessa
  7977 | D:7      | Killed Duvessa
  8008 | D:7      | Killed Dowan
  8089 | D:7      | Reached skill level 5 in Evocations
  8115 | D:8      | Found a staircase to the Lair.
  8116 | D:8      | Noticed a fire drake
  8124 | D:8      | Noticed Gastronok
  8137 | D:8      | Found a sand-covered staircase.
  8146 | Ossuary  | Entered an ossuary
  8177 | Ossuary  | Reached skill level 5 in Stealth
  8364 | Ossuary  | Reached skill level 1 in Fighting
  8499 | D:8      | Noticed angelmind's ghost (experienced DrCj)
  8610 | D:9      | Reached XP level 9. HP: 19/41 MP: 11/21
  8702 | D:9      | Reached skill level 5 in Hexes
  8813 | D:8      | Reached skill level 1 in Shields
  8951 | D:8      | Killed a fire drake
  9254 | D:9      | Found a white marble altar of Elyvilon.
  9459 | D:9      | Reached skill level 8 in Spellcasting
  9983 | D:9      | Identified the +9 morningstar "Roes" {crush, Int+4}
 10041 | D:9      | Found Tuoschae's Armour Emporium.
 10042 | D:9      | Found a staircase to the Orcish Mines.
 10047 | D:9      | Acquired Ashenzari's first power
 10094 | D:9      | Bought a +0 cloak for 67 gold pieces
 10495 | D:8      | Reached XP level 10. HP: 44/46 MP: 16/23
 10636 | Lair:1   | Entered Level 1 of the Lair of Beasts
 10662 | Lair:1   | Noticed an oklob plant
 11157 | Lair:2   | Reached skill level 9 in Spellcasting
 11163 | Lair:2   | Noticed an eight-headed hydra
 11194 | Lair:3   | Noticed Rupert
 11196 | Lair:3   | Reached skill level 1 in Ice Magic
 11503 | Lair:3   | Noticed oplop's ghost (powerful TeWn)
 11760 | Lair:2   | Acquired Ashenzari's second power
 12587 | Lair:1   | Learned a level 5 spell: Phase Shift
 12613 | Lair:1   | Reached XP level 11. HP: 30/50 MP: 18/25
 12751 | Lair:1   | Found a radiant altar of Vehumet.
 12839 | Lair:1   | Noticed a six-headed hydra
 13101 | Lair:1   | Reached skill level 10 in Spellcasting
 13544 | Lair:2   | Noticed Erica
 13558 | Lair:2   | Killed Erica
 13561 | Lair:2   | Acquired Ashenzari's third power
 13821 | Lair:3   | Noticed a black mamba
 14029 | Lair:3   | Reached skill level 5 in Translocations
 14603 | Lair:4   | Learned a level 4 spell: Olgreb's Toxic Radiance
 14640 | Lair:4   | Reached skill level 10 in Stealth
 14644 | Lair:4   | Reached XP level 12. HP: 52/56 MP: 6/27
 14715 | Lair:4   | Reached skill level 5 in Conjurations
 14863 | Lair:4   | Found a hole to the Spider Nest.
 14976 | Lair:4   | Reached skill level 11 in Spellcasting
 15442 | Lair:4   | Acquired Ashenzari's fourth power
 15728 | Lair:4   | Noticed Josephine
 15803 | Lair:3   | Killed a black mamba
 16152 | Lair:3   | Identified a scroll of acquirement
 16152 | Lair:3   | Identified the cursed +0 storm dragon armour of the Illusory Beggars {rElec MR- Slay+3 Stlth+} (You acquired it on level 3 of the Lair of Beasts)
 16170 | Lair:3   | Quit the game

Action                   |  1- 3 |  4- 6 |  7- 9 | 10-12 || total
-------------------------+-------+-------+-------+-------++-------
Melee: Dagger            |    18 |    29 |   415 |   479 ||   941
 Cast: Sting             |   106 |   149 |   171 |   215 ||   641
       Ensorcelled Hiber |       |     1 |     2 |    12 ||    15
       Mephitic Cloud    |       |     1 |    32 |    50 ||    83
       Cure Poison       |       |       |     2 |     1 ||     3
       Phase Shift       |       |       |       |     3 ||     3
       Olgreb's Toxic Ra |       |       |       |     2 ||     2
Evoke: Wand              |       |       |       |     1 ||     1
  Use: Scroll            |     6 |    10 |    18 |    10 ||    44
       Potion            |       |     1 |     1 |       ||     2
 Stab: Sleeping          |       |     4 |    22 |    23 ||    49
       Distracted        |       |     2 |     6 |     1 ||     9
       Confused          |       |     1 |    12 |    18 ||    31
  Eat: Bread ration      |       |     1 |     1 |       ||     2
       Pizza             |       |       |       |     1 ||     1
